 Dungeon Crawl Stone Soup version 0.18.1-48-g4cf74bf (webtiles) character file.

90 Alarkh the Insei (level 4, -4/35 HPs)
             Began as a Mummy Monk on July 17, 2016.
             Slain by a kobold
             ... wielding a +1 whip of electrocution
              (15 damage)
             ... on level 2 of the Dungeon.
             The game lasted 00:01:25 (1788 turns).

Alarkh the Insei (Mummy Monk)                       Turns: 1788, Time: 00:01:25

Health: -4/35      AC:  2    Str: 14    XL:     4   Next: 32%
Magic:  4/4        EV: 13    Int: 10    God:
Gold:   40         SH:  0    Dex: 14    Spells: 0 memorised, 3 levels left

rFire  x . .     SeeInvis .       - Unarmed
rCold  + . .     Gourm    .     a - +0 robe
rNeg   + + +     Faith    .     (no shield)
rPois  ∞         Spirit   .     (no helmet)
rElec  .         Dismiss  .     (no cloak)
rCorr  .         Reflect  .     (no gloves)
SustAt .         Harm     .     (no boots)
MR     .....                    (no amulet)
Stlth  ++........               (no ring)
                                (no ring)

@: slowed, very slow, not resistant to hostile enchantments, unstealthy
A: no food or potions, fire vulnerability, cold resistance 1, negative energy
resistance 3, torment resistance, unbreathing
a: no special abilities


You were on level 2 of the Dungeon.
You were not hungry.

You visited 1 branch of the dungeon, and saw 2 of its levels.

You collected 40 gold pieces.

Inventory:

Armour
 a - a +0 robe (worn)
Scrolls
 b - 2 scrolls of remove curse
 c - a scroll of amnesia {unknown}
 d - a scroll of identify {unknown}
 e - a scroll of teleportation {unknown}


   Skills:
 - Level 3.0 Fighting
 - Level 2.4 Dodging
 - Level 1.5 Stealth
 + Level 4.8 Unarmed Combat


You had 3 spell levels left.
You didn't know any spells.

Dungeon Overview and Level Annotations

Branches:
Dungeon (2/15)

Altars:
Ashenzari

Annotations:
D:2 Natasha


Innate Abilities, Weirdness & Mutations

You do not eat or drink.
Your flesh is vulnerable to fire.
You are immune to poison.
Your flesh is cold resistant.
You are immune to negative energy.
You are immune to unholy pain and torment.
You can survive without breathing.


Message History

The goblin shouts!
You hit Natasha.
Natasha is moderately wounded.
Natasha casts a spell at you.
You feel yourself slow down. The hobgoblin closely misses you.
You barely miss Natasha. Your punch misses Natasha.
Natasha is moderately wounded.
Natasha closely misses you.
The hobgoblin hits you but does no damage.
You hit Natasha.
Natasha is severely wounded.
Natasha mewls in sadness.
Natasha barely misses you. The hobgoblin hits you with a club.
Natasha closely misses you.
You closely miss Natasha.
Natasha is severely wounded.
The hobgoblin hits you with a club.
Natasha casts a spell.
The kobold hits you but does no damage.
You are electrocuted!
You die...

####### ....... ######
#..... ##########+#.#.
###+######............##
........%...............
......K.5.............##
......g@..............##
<....rh................#
.......................#
....g..................#
..........############).
..........# #..
.........<# #..
..........# #.. #..


You could see Natasha, a white imp, a hobgoblin, a goblin, a kobold and a rat.

Vanquished Creatures
  A gnoll (D:1)
  4 adders (D:2)
  An ooze (D:1)
  A dart slug (D:1)
  3 giant geckos
  4 giant cockroaches
  2 goblins
  3 hobgoblins (D:1)
  4 jackals (D:2)
  A quokka (D:2)
  3 giant newts
  4 kobolds
  5 rats
36 creatures vanquished.

Notes
Turn   | Place    | Note
--------------------------------------------------------------
     0 | D:1      | Alarkh the Mummy Monk began the quest for the Orb.
     0 | D:1      | Reached XP level 1. HP: 18/18 MP: 1/1
   388 | D:1      | Reached XP level 2. HP: 23/24 MP: 2/2
   469 | D:1      | Found a shattered altar of Ashenzari.
   663 | D:1      | Reached skill level 4 in Unarmed Combat
   722 | D:1      | Reached XP level 3. HP: 27/29 MP: 3/3
  1568 | D:2      | Reached XP level 4. HP: 28/35 MP: 4/4
  1773 | D:2      | Noticed Natasha
  1788 | D:2      | Slain by a kobold

Skill      XL: |  1  2 |
---------------+-------+-----
Unarmed Combat | 4 |  4.8
Fighting       | |  3.0
Dodging        | |  2.4
Stealth        | |  1.5

Action                   |  1- 3 |  4- 6 || total
-------------------------+-------+-------++-------
Melee: Unarmed           |   135 |    26 ||   161
       Punch             |     4 |       ||     4
  Use: Scroll            |     1 |       ||     1
 Stab: Sleeping          |     6 |       ||     6
       Distracted        |       |     1 ||     1
Armor: Robe              |    13 |     5 ||    18
Dodge: Dodged            |    72 |    12 ||    84
